 Dungeon Crawl Stone Soup version 0.21-a0-193-g085b6a0 (webtiles) character file.

27 Deeps the Sneak (level 2, 0/15 HPs)
             Began as a Spriggan Assassin on Aug 15, 2017.
             Slain by Terence
             ... wielding a +3 hand axe of flaming
              (6 damage)
             ... on level 2 of the Dungeon.
             The game lasted 00:03:51 (666 turns).

Deeps the Sneak (Spriggan Assassin)                  Turns: 666, Time: 00:03:52

Health: 0/15       AC:  3    Str:  6 (7)  XL:     2   Next: 93%
Magic:  3/3        EV: 17    Int:  9 (12) God:
Gold:   85         SH:  0    Dex: 16 (17) Spells: 1/1 levels left

rFire    . . .     SeeInvis +   a - +2 dagger
rCold    . . .     Gourm    .   (shield restricted)
rNeg     . . .     Faith    .   c - +0 robe
rPois    .         Spirit   .   (helmet restricted)
rElec    .         Reflect  .   d - +0 cloak
rCorr    .         Harm     .   (gloves unavailable)
MR       .....                  (boots unavailable)
Stlth    +++.......             (no amulet)
HPRegen  0.05/turn              (no ring)
MPRegen  0.08/turn              (no ring)

@: flying, very quick
A: unfitting armour, see invisible, herbivore 3, speed 3, slow metabolism 2
a: no special abilities


You were on level 2 of the Dungeon.
You were not hungry.

You visited 1 branch of the dungeon, and saw 2 of its levels.

You collected 85 gold pieces.

Inventory:

Hand Weapons
 a - a +2 dagger (weapon)
 b - a +0 blowgun
Missiles
 e - 8 poisoned needles
 f - 2 curare-tipped needles
Armour
 c - a +0 robe (worn)
 d - a +0 cloak (worn)
Jewellery
 k - a +3 ring of protection {unknown}
Scrolls
 h - a scroll of teleportation {unknown}
 i - a scroll of fear {unknown}
 j - 3 scrolls of remove curse {unknown}
 l - a scroll of identify {unknown}
 n - a scroll of random uselessness {unknown}
 p - a scroll of enchant weapon {unknown}
Potions
 m - 2 potions of brilliance {unknown}
 o - a potion of heal wounds {unknown}
Comestibles
 g - a bread ration


   Skills:
 + Level 2.1 Fighting
 + Level 2.9 Short Blades
 + Level 2.0 Throwing
 - Level 1.5 Dodging
 + Level 6.1 Stealth


You had one spell level left.
You didn't know any spells.

Dungeon Overview and Level Annotations

Branches:
Dungeon (2/15)

Altars:

Annotations:
D:2 Terence


Innate Abilities, Weirdness & Mutations

You are very small and have problems with some larger weapons.
You are too small for most types of armour.
You have supernaturally acute eyesight. (SInv)
You are a herbivore.
You cover ground extremely quickly.
You need consume almost no food.


Message History

Unknown command.
There are monsters nearby!
There are monsters nearby!
Unknown command.
Unknown command.
Unknown command.
Wield which item (- for none, * to show all)? (? for menu, Esc to quit)
a - a +2 dagger (weapon)
You hit the ball python.
You kill the ball python!
Unknown command.
You hit Terence but do no damage.
Terence hits you with a hand axe of flaming.
Terence burns you.
You hit Terence but do no damage. Terence barely misses you.
You see here a scroll labeled VOROF GOVUOB.
l - a scroll labeled VOROF GOVUOB You hit Terence but do no damage.
Terence hits you with a hand axe of flaming.
You die...

##....<.# #
.####...###.#### .#
....#..###.....# ..#
.##.....#......#..#
#....>..........<.#
..##.....##.....###
#....#.#.###.†###
##.........@.#
####.#......##@#
.....##......#.# #
#...###..#.###
####...#%.......#
.........(..........#
##....................
#####.##...>.......#.
#...)............
################.


You could see Terence.

Vanquished Creatures
  An ooze (D:1)
  A dart slug (D:1)
  A leopard gecko (D:1)
  A ball python (D:2)
  3 goblins (D:1)
  3 hobgoblins (D:1)
  2 kobolds (D:1)
  A bat (D:1)
  4 frilled lizards (D:1)
  2 rats (D:1)
19 creatures vanquished.

Notes
Turn   | Place    | Note
-------+----------+-------------------------------------------
     0 | D:1      | Deeps the Spriggan Assassin began the quest for the Orb.
     0 | D:1      | Reached XP level 1. HP: 10/10 MP: 2/2
   100 | D:1      | Reached skill level 6 in Stealth
   149 | D:1      | Reached XP level 2. HP: 14/15 MP: 3/3
   610 | D:2      | Noticed Terence
   666 | D:2      | Slain by Terence

Vault maps used:
D:1:      eino_arrival_cavern_e, palyth_stone_intersect
D:2:      grunt_temple_overflow_open, tso_altar, uniq_robin, uniq_sigmund,
          uniq_terence

Skill      XL: |  1  2 |
---------------+-------+-----
Stealth        | 6 |  6.1
Fighting       | 2 |  2.1
Short Blades   | |  2.9
Throwing       | |  2.0
Dodging        | |  1.5

Action                   || total
-------------------------++-------
Melee: Dagger            ||    53
  Use: Potion            ||     2
 Stab: Sleeping          ||     4
Armor: Robe              ||     4
Dodge: Dodged            ||    23
